[Event "FIDE CB Open 2022"]
[Site "Ceske Budejovice"]
[Date "2022.07.05"]
[Round "5.38"]
[White "Lang, Simon"]
[Black "Steinbauer, Sebastian"]
[Result "1-0"]
[ECO "C42"]
[WhiteElo "1942"]
[BlackElo "1808"]
[Annotator "TA"]
[PlyCount "113"]
[EventDate "2022.07.01"]
[EventType "swiss"]
[EventCountry "CZE"]
[SourceTitle "playchess.com"]
[Source "ChessBase"]
[SourceQuality "1"]
[TimeControl "40/5400+30:1800+30"]

1. e4 e5 2. Nf3 Nf6 3. Nxe5 d6 4. Nf3 Nxe4 5. Nc3 Nxc3 6. dxc3 Bg4 7. Bd3 {[%emt 0:01:24] C42: Petroff Defence: 3 Nxe5 and unusual White 3rd moves.} Nc6 8. h3 Bh5 9. Be3 {[%emt 0:01:53] [#] White is slightly better.} Qd7 $146 ({Predecessor:} 9... Ne5 10. g4 Bg6 11. Nxe5 dxe5 12. Qf3 c6 13. O-O-O Qf6 14. Qe2 Be7 15. g5 Bxd3 16. Qxd3 Qe6 17. Kb1 Rd8 18. Qe4 O-O 19. h4 b6 20. c4 {½-½ (20) Thorsteinsson,A (2275)-Bjarnason,S (2285) Reykjavik 1997}) 10. Qd2 Ne5 11. Nxe5 dxe5 12. f3 O-O-O 13. O-O-O Be7 14. Qf2 {[%emt 0:03:30] Hoping for g4.} ({Don't take} 14. Bxa7 Bg6 $16) (14. Qe2 $5 Qa4 15. Kb1 $11) 14... Qa4 15. Kb1 f6 (15... Bg6 $11 {keeps the balance.}) 16. Bxa7 Bg6 {[%emt 0:03:20] Inhibits Bf5+.} 17. Bxg6 hxg6 18. Be3 (18. Bc5 {looks sharper.} Bxc5 19. Qxc5 Rhe8 20. Rxd8+ Rxd8 21. Qe7) 18... Rd7 19. Rxd7 Qxd7 20. Qd2 Qc6 21. Rd1 Rd8 22. Qe2 Rxd1+ 23. Qxd1 $16 {[%emt 0:00:00][%mdl 4096] Endgame KQB-KQB} Bc5 24. Bc1 e4 25. fxe4 Qxe4 26. Qd2 g5 27. b4 Bd6 28. Qe3 Qc6 29. Bd2 (29. Kb2 {is more complex.} Kd7 30. Qf3 b5 31. Qg4+) 29... Kb8 30. Qe2 Be5 31. Kb2 Qb6 (31... Qe6 $16 {keeps fighting.} 32. Be3 Qc6) 32. Qe4 (32. Kb3 $18) 32... Qe6 {[%emt 0:06:25][%cal Oe5c3] Threatens to win with ...Bxc3+!} 33. Qd3 Qc6 34. Qe2 (34. Qd8+ $142 Ka7 35. Be3+ b6 36. Qd2) 34... Qb6 $1 {[%emt 0:00:09] [#]} 35. Qc4 (35. Kb3 $142 $1) 35... Qf2 36. Qd5 Ka7 {[%emt 0:01:42] [#]} 37. Kb3 (37. Bxg5 $1 $16 {[%cal Od5e4][%mdl 512] And now Qe4! would win.} Bxc3+ 38. Kxc3 Qg3+ 39. Kc4 fxg5 40. a4) 37... Qf1 ({Better is} 37... Qg1 $14) 38. Kb2 (38. Be3+ $16 b6 39. Kb2) 38... b6 (38... Qf2 $1 $11) 39. a4 {[%emt 0:01:10] White now steadily converts the win.} Qa6 40. Qb5 Qb7 41. Qe2 Qd5 42. Be1 Qd6 43. Kb3 Kb8 44. Qf3 Ka7 45. c4 c5 (45... Qd4 $142 46. c3 Qd7) 46. Qd5 $18 Qc7 47. Bf2 Bd6 48. c3 cxb4 (48... Be7 $142 49. a5 Kb8 50. axb6 Qxb6) 49. cxb4 (49. a5 $142 Bc5 50. axb6+ Kxb6 51. Bxc5+ Qxc5 52. Qxc5+ Kxc5 53. cxb4+ Kb6 54. c5+ Kb5 55. Kc3) 49... Bg3 50. Bd4 {[%emt 0:00:00] aiming for a5.} Be5 51. Bxe5 fxe5 {[%emt 0:00:00] KQ-KQ} 52. a5 $2 (52. c5 g6 53. Qd6 Qf7+ 54. Kc3 bxc5 55. Qxc5+ Ka8 56. Qxe5) 52... Qe7 $2 (52... bxa5 $18 53. Qxa5+ Qxa5 54. bxa5 Ka6) 53. axb6+ {[%emt 0:00:00] White mates.} Kxb6 54. c5+ Kc7 55. b5 e4 56. b6+ Kc8 57. Qc6+ {[%emt 0:00:00] Weighted Error Value: White=0.31/Black=0.36} 1-0

[Event "FIDE CB Open 2022"]
[Site "Ceske Budejovice"]
[Date "2022.07.05"]
[Round "5.39"]
[White "Petirova, Iva"]
[Black "Milovs, Daniels"]
[Result "0-1"]
[ECO "C05"]
[WhiteElo "1722"]
[BlackElo "1926"]
[Annotator "TA"]
[PlyCount "62"]
[EventDate "2022.07.01"]
[EventType "swiss"]
[EventCountry "CZE"]
[SourceTitle "playchess.com"]
[Source "ChessBase"]
[SourceQuality "1"]
[TimeControl "40/5400+30:1800+30"]

1. e4 e6 2. d4 d5 3. Nd2 Nf6 4. e5 Nfd7 5. f4 c5 6. c3 Nc6 7. Ndf3 Qb6 8. a3 a5 9. b3 {[%emt 0:00:40] C05: French Tarrasch: 3...Nf6 4 e5 Nfd7, 5 f4 and 5 Bd3 sidelines.} Be7 10. h4 f6 {[%emt 0:01:21] [#]} 11. Be3 $146 (11. Bd3 $11) ({Predecessor:} 11. Bd3 Qc7 12. Ne2 Rb8 13. Qc2 Nf8 14. Be3 b6 15. h5 a4 16. h6 g6 17. Bb5 axb3 18. Qxb3 {1-0 (50) Perske,T (2448)-Feygin,M (2503) Germany 2019}) 11... O-O (11... cxd4 $17 12. Bxd4 Nxd4 13. cxd4 fxe5 14. fxe5 O-O) 12. Bd3 (12. Qc1 $15) 12... cxd4 $17 13. cxd4 (13. Bxd4 $17 Nxd4 14. cxd4) 13... Bxa3 $2 14. Qc2 {[%emt 0:03:21] [#]} ({Not} 14. Bxh7+ $2 Kxh7 15. Kf2 fxe5 $1 16. fxe5 (16. Rxa3 $2 exf4 17. Bd2 Nxd4 $19) 16... Be7 $19) (14. Ne2 $15) 14... f5 15. Nh3 {[%emt 0:08:48] [#]} Nb4 $1 16. Qd1 Nxd3+ 17. Qxd3 Be7 18. Kf2 h5 (18... Nb8 $19 19. g3 Bd7) 19. Nhg5 Rd8 20. Ra2 Nf8 (20... Nb8 $17) 21. Rc1 Bd7 22. Bd2 Rdc8 23. Rxc8 Bxc8 24. Ke3 Bd7 25. Ne1 a4 26. Rb2 (26. bxa4 $17 Rxa4 27. Rxa4 Bxa4 28. Kf2) 26... Rc8 {[%emt 0:05:56] And now ...a3 would win.} 27. Qb1 $2 (27. Kf2 $17) 27... a3 $19 28. Ra2 Ba4 29. Nc2 $2 (29. b4 Rc4 30. Qa1) 29... Qxb3+ {[%emt 0:01:01] Black is clearly winning.} 30. Qxb3 Bxb3 {[%emt 0:00:06] This bishop pair is nice.} 31. Rxa3 Bxc2 {[%emt 0:00:35] Weighted Error Value: White=0.64/Black=0.39} 0-1

[Event "FIDE CB Open 2022"]
[Site "Ceske Budejovice"]
[Date "2022.07.05"]
[Round "5.40"]
[White "Zaza, Martin"]
[Black "Wojdyla, Alex"]
[Result "1-0"]
[ECO "B53"]
[WhiteElo "1911"]
[BlackElo "1782"]
[Annotator "TA"]
[PlyCount "57"]
[EventDate "2022.07.01"]
[EventType "swiss"]
[EventCountry "CZE"]
[SourceTitle "playchess.com"]
[Source "ChessBase"]
[SourceQuality "1"]
[TimeControl "40/5400+30:1800+30"]

1. e4 c5 2. Nf3 d6 3. d4 cxd4 4. Qxd4 Nc6 5. Qe3 Nf6 6. Be2 {[%emt 0:03:51] B53: Sicilian: 2...d6: Lines with Qxd4.} g6 7. c4 Bg7 8. h3 (8. Nc3 $11 {feels stronger.}) 8... O-O 9. O-O b6 10. Nc3 Bb7 11. Rb1 Nd7 12. b3 {[%emt 0:02:29] [#]} Nce5 $146 ({Black should play} 12... Nc5 $11) ({Predecessor:} 12... Nde5 13. Bb2 Nxf3+ 14. Bxf3 Nd4 15. Nd5 e5 16. Nc3 f5 17. Rbd1 Qh4 18. Nd5 Bxd5 19. cxd5 {0-1 (26) Stoyanov,T (2387)-Firouzja,A (2728) Chess.com INT 2020}) 13. Bb2 Nxf3+ 14. Bxf3 Ne5 15. Be2 e6 (15... Nd7 $14) 16. Rfd1 (16. Rbd1 $16) 16... Qe7 (16... Qh4 $1 $14) 17. Ba3 Qf6 18. Bxd6 Rfd8 19. Rbc1 Qh4 {[%emt 0:03:16][%cal Od8d6] [#]} 20. f4 $1 Nc6 21. e5 $36 {[%emt 0:01:44][%mdl 2048] White is on the roll. White is more active.} Bh6 (21... Ne7 $16 22. g4 Bh6) 22. Bg4 {[%emt 0:01:58] Threatens to win with g3.} g5 23. g3 (23. f5 $18 exf5 24. g3 (24. Bxf5 g4 $16)) 23... gxf4 $14 24. gxf4 {[%emt 0:00:07] Hoping for Ne4.} ({Don't play} 24. gxh4 $6 fxe3 25. Bf3 e2 26. Nxe2 Be3+ 27. Kh2 Bxc1 28. Rxc1 Rd7 $15) 24... f5 {[%emt 0:01:44] Prevents Ne4.} (24... Rxd6 $1 $14 25. exd6 f5) 25. exf6 $1 $18 Qxf6 $2 {[%emt 0:00:18] [#]} (25... e5) 26. Qxe6+ Qxe6 27. Bxe6+ Kg7 28. Kf2 Kf6 29. Bg4 {[%emt 0:00:29] Weighted Error Value: White=0.22 (precise) /Black=0.40} 1-0

[Event "FIDE CB Open 2022"]
[Site "Ceske Budejovice"]
[Date "2022.07.05"]
[Round "5.41"]
[White "Nagyova, Daniela"]
[Black "Saravanan Durga"]
[Result "0-1"]
[ECO "B92"]
[WhiteElo "1712"]
[BlackElo "1908"]
[Annotator "TA"]
[PlyCount "132"]
[EventDate "2022.07.01"]
[EventType "swiss"]
[EventCountry "CZE"]
[SourceTitle "playchess.com"]
[Source "ChessBase"]
[SourceQuality "1"]
[TimeControl "40/5400+30:1800+30"]

1. e4 c5 2. Nf3 d6 3. d4 cxd4 4. Nxd4 Nf6 5. Nc3 a6 6. Be2 e5 7. Nb3 Be6 8. f4 exf4 {[%emt 0:05:05] 8...Be7 is setting a new trend. B92: Sicilian Najdorf: 6 Be2.} 9. Bxf4 Nc6 10. g4 (10. Qd3 $14) 10... Nxg4 $11 {[%emt 0:07:15] The position is equal.} 11. Qd2 {[%emt 0:10:49] [#]} (11. Rf1 $11) 11... Be7 $146 ({Predecessor:} 11... h5 12. O-O-O Nce5 13. Kb1 g5 14. Bg3 Rc8 15. Nd4 Nc4 16. Bxc4 Rxc4 {1-0 (16) Franco Valencia,A (2133)-Orozco Lopez,L (2166) El Bagre 2012}) 12. Bxg4 Bxg4 (12... Bh4+ $1 $17 13. Kf1 Bxg4) 13. Ne2 (13. Qg2 $1 $15 Bh4+ 14. Kd2) 13... Bh4+ $19 14. Ng3 Ne5 15. O-O Nf3+ $2 (15... g6 $19 {...0-0 is the strong threat.} 16. Qd5 Qb6+ 17. Kg2 Be6) 16. Rxf3 $1 $15 Bxf3 {[%emt 0:00:02] A strong pair of Bishops.} 17. Bxd6 $2 ({Only move:} 17. Nf5 $1 $15) 17... Qb6+ $19 18. Bc5 Qg6 19. Qf2 (19. Qf4 $142 Bxg3 20. hxg3 Qxe4 21. Qd2) 19... Bxe4 20. Re1 {[%emt 0:19:47] [#]} O-O-O $1 21. Ba7 Bxg3 (21... Bc6 $2 22. Bb6 $19) 22. hxg3 Qf5 23. Qe3 (23. Qxf5+ $142 Bxf5 24. Nd4) 23... Rhe8 24. Nd4 (24. Qc5+ $142 Qxc5+ 25. Bxc5) 24... Qd5 $2 (24... Qh5 {( -> ...Qh1+)} 25. Qxe4 Rxe4 26. Rxe4 Rd6 27. Re8+ Kd7) 25. Qf4 $2 (25. Qc3+ Kd7 26. Qb3 (26. Bb6 $2 Rc8 $19)) 25... Qe5 (25... Bh1 $142 26. Nf3 Bxf3) 26. Qe3 $2 (26. Qxe5 Rxe5 27. Re3) 26... Qh5 27. Qc3+ Kd7 28. Re2 Qh1+ 29. Kf2 Rc8 30. Qb3 Qg2+ 31. Ke1 Qg1+ $2 (31... Bg6 32. Bb6 Qh1+ 33. Kf2 Rxe2+ 34. Nxe2 Rxc2 35. Qa4+ Kd6 36. Qf4+ Kc6 37. Qc7+ Kb5 38. a4+ Kxa4) 32. Kd2 Qf1 ({Don't play} 32... f5 33. Rxe4 $1 Qh2+ 34. Re2 Qh6+ 35. Kd3 Rxe2 36. Nxe2 $14 (36. Kxe2 Re8+ 37. Kf3 Qh1+ 38. Kf2 Qh2+ 39. Kf3 Qh1+ 40. Kf2 Qh2+ 41. Kf3 Qh1+ $11)) (32... Qh1 $1 $19 {White must now prevent ...Bg6.} 33. Qxf7+ Re7) 33. Rxe4 $11 Qg2+ (33... Rxe4 $11 34. Qd5+ (34. Qxb7+ Rc7 $11) 34... Kc7 35. Qxe4 Qf2+ 36. Kc3 Qxg3+ 37. Kb4 Qd6+ 38. Bc5 Qf6) 34. Re2 $14 Rxe2+ 35. Nxe2 Ke7 36. Qa3+ Ke6 $2 ({Black should try} 36... Ke8 $1 $14) 37. Qe3+ $18 Kd7 38. Qf2 $2 (38. Qd4+ $18 Ke6 39. Qg4+ f5 40. Qxg7 Rxc2+ 41. Kxc2 Qxe2+ 42. Kc3) 38... Qxf2 $11 {[%emt 0:00:27] Really sharp!} 39. Bxf2 Ke6 40. c3 (40. Ke3 $11 {keeps the balance.}) 40... Kf5 $1 $17 {[%emt 0:00:14][%mdl 1024] Black has strong compensation.} 41. Bd4 g5 42. Ke3 h5 (42... Kg4 $1 $17) 43. Kf3 $11 Re8 44. Be3 Kg6 45. Nd4 f5 46. Bf2 {[%emt 0:02:39] [#]} (46. Kf2 $11) 46... g4+ $1 $17 47. Kg2 {[%emt 0:00:11] [#]} Kg5 $1 48. a4 f4 49. gxf4+ Kxf4 50. Bh4 Re3 51. Bf2 Re4 52. Bh4 Re3 53. Bf2 Re8 (53... Rd3 $19 {Strongly threatening ...Rd2.} 54. Ne2+ Kg5) 54. Bh4 $1 Ke3 55. Bg5+ Kd3 56. Kf2 {[%emt 0:00:55] Inhibits Re1.} (56. Bh4 $17 {was called for.}) 56... b5 $2 (56... Re5 $19 57. Bf6 Ra5) 57. axb5 $11 axb5 58. Nxb5 $2 (58. Bh4 $11) 58... Re5 $19 59. Bh6 Rxb5 {[%emt 0:00:05] KR-KB. Black mates.} 60. Kg3 Rxb2 61. Bg7 Ke4 62. Bd4 Rd2 63. Bf6 Kf5 64. Bd4 Rd3+ 65. Kg2 h4 66. Kh2 Rxd4 {[%emt 0:00:14] What a fight!  Weighted Error Value: White=1.14/Black=0.81} 0-1

[Event "FIDE CB Open 2022"]
[Site "Ceske Budejovice"]
[Date "2022.07.05"]
[Round "5.42"]
[White "Toman, Jan"]
[Black "Hrbek, Jachym"]
[Result "1-0"]
[ECO "A88"]
[WhiteElo "2142"]
[BlackElo "1695"]
[Annotator "TA"]
[PlyCount "49"]
[EventDate "2022.07.01"]
[EventType "swiss"]
[EventCountry "CZE"]
[SourceTitle "playchess.com"]
[Source "ChessBase"]
[SourceQuality "1"]
[TimeControl "40/5400+30:1800+30"]

1. Nf3 f5 2. c4 Nf6 3. g3 d6 4. d4 g6 5. Bg2 Bg7 6. O-O O-O 7. Nc3 Qe8 {[%emt 0:02:11] The old main line.} 8. Re1 c6 9. d5 Na6 {[%emt 0:06:39] A88: Dutch Defence: Leningrad System: 5 Nf3 0-0 6 0-0 d6 7 Nc3 c6.} 10. Nd4 Bd7 11. e4 fxe4 {[%emt 0:00:22] White is slightly better.} 12. Nxe4 Nxe4 13. Bxe4 Qf7 14. Be3 {[%emt 0:03:05][%cal Rd5c6,Bc1e3,Be3f4,Bf4d6,Bd6a3][%mdl 32] [#] Active counter play!} e5 $146 ({Predecessor:} 14... Nc5 15. Bg2 e5 16. Nb3 Nxb3 17. Qxb3 c5 18. Qxb7 Rfb8 19. Qc7 Rb6 20. b4 Rc8 21. Qxa7 Rxb4 {½-½ (53) Michniewski,T (2202)-Kornasiewicz,J (2165) Polanica Zdroj 2004}) 15. dxe6 Bxe6 16. Nxe6 Qxe6 17. Bf4 {[%emt 0:14:21][%cal Oe4d5] [#] Hoping for Bd5!} Qf6 (17... Qxc4 $14 18. Bxd6 Rfe8) 18. Qxd6 $16 Qxd6 19. Bxd6 {[%emt 0:00:06] This bishop pair is nice.} Rfd8 20. Ba3 Rd2 21. Rad1 Rad8 {[%emt 0:00:09][%mdl 8192] [#] Loses the game.} (21... Rxd1 $16 {is a better chance.} 22. Rxd1 Bf8) 22. Bd5+ $1 $18 {[%emt 0:00:38][%mdl 512] White is clearly winning.} R8xd5 (22... R2xd5 23. cxd5) 23. cxd5 Rxd5 24. Rxd5 cxd5 25. Re7 {[%emt 0:00:37] Weighted Error Value: White=0.14 (very precise) /Black=0.87} 1-0

[Event "FIDE CB Open 2022"]
[Site "Ceske Budejovice"]
[Date "2022.07.05"]
[Round "5.43"]
[White "Shirinyan, Daniel"]
[Black "Krejci, Vera Marie"]
[Result "1/2-1/2"]
[ECO "D02"]
[WhiteElo "1876"]
[BlackElo "1554"]
[Annotator "NA RC COMBH"]
[PlyCount "78"]
[EventDate "2022.07.01"]
[EventType "swiss"]
[EventCountry "CZE"]
[SourceTitle "playchess.com"]
[Source "ChessBase"]
[SourceQuality "1"]
[TimeControl "40/5400+30:1800+30"]

1. Nf3 d5 2. g3 Nd7 3. d4 Nb6 4. Bg2 g6 5. Nbd2 Nf6 6. b3 c6 7. Bb2 Bg7 8. O-O O-O 9. Re1 Bg4 10. Ne5 Qc8 11. Rc1 Bh3 12. Bh1 Nbd7 13. c4 e6 14. Nd3 Qd8 15. Bf3 Bg4 16. Bg2 Bf5 17. e4 dxe4 18. Nxe4 Bxe4 19. Bxe4 Nxe4 20. Rxe4 Nf6 21. Re1 Re8 22. Qf3 Nd7 23. Rcd1 Qa5 24. Re2 Qc7 25. Rde1 Rad8 26. Qf4 Qc8 27. Nc5 Nb6 28. Qh4 Qc7 29. a4 Nc8 30. Rd1 Qe7 31. Qxe7 Rxe7 32. Ne4 Red7 33. Red2 Ne7 34. d5 exd5 35. Nf6+ Bxf6 36. Bxf6 Rc8 37. Bxe7 Rxe7 38. cxd5 cxd5 39. Rxd5 Rc3 1/2-1/2

[Event "FIDE CB Open 2022"]
[Site "Ceske Budejovice"]
[Date "2022.07.05"]
[Round "5.44"]
[White "Hladky, Mikulas"]
[Black "Kotleska, Roman"]
[Result "0-1"]
[ECO "B17"]
[WhiteElo "1549"]
[BlackElo "1863"]
[Annotator "NA RC COMBH"]
[PlyCount "120"]
[EventDate "2022.07.01"]
[EventType "swiss"]
[EventCountry "CZE"]
[SourceTitle "playchess.com"]
[Source "ChessBase"]
[SourceQuality "1"]
[TimeControl "40/5400+30:1800+30"]

1. e4 c6 2. Nf3 d5 3. Nc3 dxe4 4. Nxe4 Nd7 5. d4 Ngf6 6. Nxf6+ Nxf6 7. h3 Bf5 8. Bd3 Bxd3 9. Qxd3 e6 10. O-O Bd6 11. Re1 Qb6 12. c4 Be7 13. b3 O-O 14. Bb2 Rad8 15. Qc2 Qc7 16. Ng5 Qf4 17. Re5 Qh4 18. g3 Qh6 19. h4 Nd7 20. Ra5 a6 21. Ba3 Bxa3 22. Rxa3 Nf6 23. Rd1 Rd7 24. b4 Rfd8 25. Rad3 Qg6 26. Nf3 Ng4 27. R3d2 Qxc2 28. Rxc2 e5 29. Rcd2 e4 30. Ng5 e3 31. fxe3 Nxe3 32. Re1 Nxc4 33. Rde2 Nd6 34. Ne4 Nxe4 35. Rxe4 Kf8 36. Rd1 Re7 37. Rxe7 Kxe7 38. Kf2 Kd6 39. Ke3 Kd5 40. Kd3 Re8 41. Rc1 b6 42. Rf1 f6 43. Rf5+ Kd6 44. Rf1 Ra8 45. Rb1 b5 46. a4 a5 47. axb5 cxb5 48. bxa5 Rxa5 49. Rb3 Kd5 50. g4 g6 51. Rc3 b4 52. Rc8 Ra3+ 53. Kc2 Kxd4 54. Rd8+ Ke5 55. Re8+ Kf4 56. Rb8 Rc3+ 57. Kb2 Rc4 58. Kb3 Re4 59. Rf8 Kxg4 60. Rxf6 Kxh4 0-1

[Event "FIDE CB Open 2022"]
[Site "Ceske Budejovice"]
[Date "2022.07.05"]
[Round "5.45"]
[White "Svoboda, Daniel"]
[Black "Hosnedl, Matyas"]
[Result "0-1"]
[ECO "C12"]
[WhiteElo "1679"]
[BlackElo "1967"]
[Annotator "TA"]
[PlyCount "104"]
[EventDate "2022.07.01"]
[EventType "swiss"]
[EventCountry "CZE"]
[SourceTitle "playchess.com"]
[Source "ChessBase"]
[SourceQuality "1"]
[TimeControl "40/5400+30:1800+30"]

1. e4 e6 2. d4 d5 3. Nc3 Nf6 4. Bg5 Bb4 5. e5 h6 6. Bd2 Bxc3 7. bxc3 Ne4 8. Qg4 Kf8 9. Bd3 Nxd2 10. Kxd2 c5 11. h4 c4 12. Be2 Nc6 13. Rh3 b5 14. Rg3 {[%emt 0:10:57] C12: French: Classical System: McCutcheon Variation.} Rg8 15. Qf4 Qe7 {[%emt 0:06:04] [#]} 16. Rb1 $146 {[%emt 0:08:49] Black has an edge.} ({Predecessor:} 16. Bh5 Ke8 17. Ne2 a5 18. Ke1 b4 19. Kf1 Rb8 20. Kg1 Ba6 21. Rb1 Bb5 22. cxb4 {½-½ (63) Miettinen,K (2297)-Refalo,J (2332) ICCF email 2008}) 16... Rb8 17. Bh5 Bd7 18. Rf3 Be8 19. g4 $2 (19. Ke1 $11 {and White has nothing to worry.}) 19... b4 $19 20. cxb4 (20. Ke1 $142) 20... Rxb4 21. Rxb4 Qxb4+ 22. Ke2 (22. Rc3 $142) 22... g6 23. Qxh6+ Ke7 24. Qh7 Nxd4+ (24... gxh5 25. Qxg8 Qb1 26. Qg5+ Kd7 27. c3 (27. gxh5 $2 Nxd4+ 28. Ke3 Nxc2+ 29. Kf4 Qc1+ 30. Re3 Nxe3 $19) 27... Qxg1 28. gxh5 $11) 25. Kf1 Nxf3 (25... gxh5 26. Qxg8 Qb1+ 27. Kg2 Nxf3 28. Nxf3 hxg4 29. Qg5+ Kf8 30. Qh6+ Kg8 31. Qg5+ Kf8 32. Qh6+ Kg8 33. Qg5+ Kf8 $11) 26. Nxf3 Rf8 (26... gxh5 27. Qxg8 hxg4 28. Qg5+ Kf8 29. Qh6+ Kg8 30. Qg5+ Kf8 31. Qh6+ Kg8 32. Qg5+ Kf8 $11) 27. Bxg6 Kd8 $2 (27... c3 $1 $19 28. Bd3 Qxg4) 28. Bh5 $15 Qe7 ({Black should try} 28... c3 $1 $17) 29. c3 $11 f5 30. Qh6 {[%emt 0:01:52] aiming for Nd4.} Bxh5 31. gxh5 {[%emt 0:01:24][%mdl 4096] Endgame KQR-KQN} Kd7 32. Qe3 Ke8 33. Ng5 (33. Qh6 $11 {keeps the balance.}) 33... Rh8 $17 34. Qe2 Qb7 (34... Kf8 $17 35. Qd1 Qe8) 35. Qd1 Ke7 (35... Qa6 $15 36. Qb1 Kd7) 36. Qa4 $11 Qb6 37. Qa3+ Ke8 38. Qa4+ Ke7 39. Qa3+ Kd7 40. Qa4+ Kc7 41. Qa3 Re8 42. h6 a5 $2 ({Better is} 42... d4 $14) 43. h7 $18 {[%emt 0:00:00][%cal Oa3d6] Hoping for Qd6+!} d4 $2 (43... Kb7 44. Qd6 Rh8) 44. cxd4 {[%emt 0:00:00][%cal Oa3d6] Qd6+! is the strong threat.} Qb4 {[%emt 0:00:13] Prevents Qd6+.} 45. Nxe6+ $1 Kb8 {[%emt 0:00:04] [#]} (45... Kb6 {was called for.} 46. Qxb4+ axb4) 46. Qg3 $2 Qb1+ $11 47. Kg2 Qe4+ $2 (47... Qb7+ $11 48. Kf1 Qb1+ 49. Ke2 Qc2+ 50. Kf1 Qb1+) 48. Kh2 $2 (48. f3 $18 {has better winning chances.} f4 49. fxe4 fxg3 50. d5) 48... Qg4 49. Qa3 Qxh4+ 50. Kg1 Qg4+ (50... Qxh7 $2 51. Qd6+ Ka7 52. Qc5+ Ka8 53. Qc6+ Ka7 54. Qc5+ Ka8 55. Qc6+ Ka7 56. Qxe8 $18) 51. Kh2 $2 {[%emt 0:01:19][%mdl 8192] [#]} (51. Kf1 $1 $11 Qd1+ 52. Kg2 Qg4+ 53. Kf1 Qd1+ 54. Kg2 Qg4+ 55. Kf1) 51... Qh5+ $1 $19 ({Worse is} 51... Qh4+ 52. Kg2 Qg4+ 53. Kf1 Qd1+ 54. Kg2 Qg4+ 55. Kf1 Qd1+ 56. Kg2 Qg4+ $11) 52. Kg2 {[%emt 0:00:40] [#] Threatening mate with Qd6+.} ({Reject} 52. Qh3 Qxh3+ 53. Kxh3 c3 $19) 52... Qg6+ $1 {[%emt 0:00:11] Black used his chance.  Weighted Error Value: White=0.68/Black=0.50} ({Weaker is} 52... Rxe6 53. Qf8+ Re8 54. Qd6+ Kc8 55. Qc6+ Kb8 56. Qd6+ Kc8 57. Qc6+ Kd8 58. Qd6+ Kc8 $11) 0-1

[Event "FIDE CB Open 2022"]
[Site "Ceske Budejovice"]
[Date "2022.07.05"]
[Round "5.47"]
[White "Zednicek, Filip"]
[Black "Pavlicek, Petr"]
[Result "1-0"]
[ECO "B22"]
[WhiteElo "1688"]
[BlackElo "1806"]
[Annotator "NA RC COMBH"]
[PlyCount "61"]
[EventDate "2022.07.01"]
[EventType "swiss"]
[EventCountry "CZE"]
[SourceTitle "playchess.com"]
[Source "ChessBase"]
[SourceQuality "1"]
[TimeControl "40/5400+30:1800+30"]

1. e4 c5 2. c3 d6 3. d4 Nf6 4. d5 Nbd7 5. Nd2 g6 6. f4 Bg7 7. Ngf3 a6 8. Bd3 b5 9. O-O O-O 10. Re1 c4 11. Bc2 Bb7 12. Nf1 Qc7 13. h3 Rad8 14. Ng3 Nb6 15. Nd4 Nfd7 16. f5 Ne5 17. h4 Nbd7 18. fxg6 hxg6 19. h5 Bc8 20. hxg6 Nxg6 21. Ndf5 Nf6 22. Nxg7 Kxg7 23. Bg5 Ng4 24. Nf5+ Bxf5 25. exf5 N6e5 26. Bxe7 Rh8 27. f6+ Kg8 28. Qd4 Re8 29. Re4 Nh2 30. Qe3 Rxe7 31. Qg5+ 1-0

[Event "FIDE CB Open 2022"]
[Site "Ceske Budejovice"]
[Date "2022.07.05"]
[Round "5.48"]
[White "Rosol, Philip"]
[Black "Svejda, Karel"]
[Result "1-0"]
[ECO "E73"]
[WhiteElo "1741"]
[BlackElo "1619"]
[Annotator "NA RC COMBH"]
[PlyCount "125"]
[EventDate "2022.07.01"]
[EventType "swiss"]
[EventCountry "CZE"]
[SourceTitle "playchess.com"]
[Source "ChessBase"]
[SourceQuality "1"]
[TimeControl "40/5400+30:1800+30"]

1. d4 Nf6 2. c4 g6 3. Nc3 Bg7 4. e4 d6 5. Be2 O-O 6. Bg5 Na6 7. h4 e5 8. d5 h6 9. Be3 Nc5 10. f3 a5 11. g4 Ne8 12. h5 g5 13. Nh3 Bd7 14. Qd2 Bf6 15. O-O b6 16. Nf2 Qe7 17. Bd1 Ng7 18. Bc2 Rfb8 19. b3 Ra7 20. a3 Rba8 21. Rab1 Qe8 22. b4 axb4 23. axb4 Nb7 24. Nd3 Qf8 25. Rfc1 Ra3 26. Bd1 Be7 27. Rb2 f6 28. Rcc2 Kf7 29. Ra2 Qb8 30. Rxa3 Rxa3 31. Ra2 Qa8 32. Qb2 Rxa2 33. Qxa2 Qxa2 34. Nxa2 b5 35. c5 c6 36. Bb3 Kf8 37. Nc3 Ne8 38. dxc6 Bxc6 39. Bd5 Bxd5 40. exd5 dxc5 41. bxc5 b4 42. c6 Na5 43. Nb5 Nc4 44. Bc5 b3 45. Bxe7+ Kxe7 46. c7 Nxc7 47. d6+ Kd7 48. dxc7 b2 49. Nc3 Kxc7 50. Kf2 Kd6 51. Ke2 Ke6 52. Nc5+ Kd6 53. N5e4+ Ke6 54. Kd3 Na3 55. Nd2 f5 56. Ndb1 Nxb1 57. Nxb1 fxg4 58. fxg4 Kd5 59. Nc3+ Kc5 60. Na4+ Kd5 61. Nxb2 e4+ 62. Ke3 Ke5 63. Nc4+ 1-0

[Event "FIDE CB Open 2022"]
[Site "Ceske Budejovice"]
[Date "2022.07.05"]
[Round "5.49"]
[White "Hammel, Juergen"]
[Black "Travnicek, Jaroslav"]
[Result "1/2-1/2"]
[ECO "C47"]
[WhiteElo "1650"]
[BlackElo "1730"]
[Annotator "NA COMBH"]
[PlyCount "98"]
[EventDate "2022.07.01"]
[EventType "swiss"]
[EventCountry "CZE"]
[SourceTitle "playchess.com"]
[Source "ChessBase"]
[SourceQuality "1"]
[TimeControl "40/5400+30:1800+30"]

1. e4 e5 2. Nf3 Nf6 3. Nc3 Nc6 4. d4 exd4 5. Nxd4 Bb4 6. a3 Bxc3+ 7. bxc3 Nxe4 8. Qf3 d5 9. Bb5 Bd7 10. O-O O-O 11. Nxc6 Bxc6 12. Bd3 Re8 13. Qh5 g6 14. Qh6 Qf6 15. f3 Nxc3 16. Bg5 Qg7 17. Qh4 Re6 18. Rfe1 Rae8 19. Rxe6 Rxe6 20. Bh6 Ne2+ 21. Kf2 Qd4+ 22. Qxd4 Nxd4 23. c4 Nb3 24. Rd1 f5 25. cxd5 Bxd5 26. Bc2 Bc4 27. Rd8+ Kf7 28. Bxb3 Bxb3 29. Bg5 Rd6 30. Rh8 Kg7 31. Rc8 Rd7 32. Bf4 c6 33. g4 fxg4 34. fxg4 Bd5 35. Kg3 b5 36. Be5+ Kf7 37. Rh8 Ke6 38. Re8+ Re7 39. Rxe7+ Kxe7 40. Bd4 a6 41. Bc5+ Ke6 42. Kf4 h5 43. gxh5 gxh5 44. Ke3 Ke5 45. Kd3 Be6 46. Kc3 Kd5 47. Bb6 c5 48. Bd8 Ke4 49. Bb6 Kd5 1/2-1/2

[Event "FIDE CB Open 2022"]
[Site "Ceske Budejovice"]
[Date "2022.07.05"]
[Round "5.50"]
[White "Schmied, Eva-Maria"]
[Black "Simajchl, Adam"]
[Result "1-0"]
[ECO "B35"]
[WhiteElo "1718"]
[BlackElo "1610"]
[Annotator "NA RC COMBH"]
[PlyCount "43"]
[EventDate "2022.07.01"]
[EventType "swiss"]
[EventCountry "CZE"]
[SourceTitle "playchess.com"]
[Source "ChessBase"]
[SourceQuality "1"]
[TimeControl "40/5400+30:1800+30"]

1. e4 c5 2. Nf3 g6 3. d4 cxd4 4. Nxd4 Nc6 5. Be3 Bg7 6. Nc3 Nf6 7. Bc4 Qa5 8. O-O O-O 9. h3 Rd8 10. Bb3 d5 11. exd5 Nb4 12. Qf3 Nbxd5 13. Nxd5 Nxd5 14. c3 e5 15. Nc2 b6 16. Bg5 f6 17. Bxf6 e4 18. Qf4 Rf8 19. Qe5 Bb7 20. Bxg7 Rae8 21. Qd4 Rf7 22. Bh6 1-0